 Seeded DCSS version 0.29-a0-472-ge5599a681e (webtiles) character file.

Game seed: 6774861435536819975 (custom seed)

634 bwicke the Geomancer (level 7, -3/41 HPs)
             Began as an Octopode Earth Elementalist on May 22, 2022.
             Slain by Pikel
             ... wielding a +0 whip of freezing
              (8 damage)
             ... on level 4 of the Dungeon.
             The game lasted 00:13:53 (4416 turns).

bwicke the Geomancer (Octopode Earth Elementalist)  Turns: 4416, Time: 00:13:53

Health: -3/41      AC:  1    Str:  8    XL:     7   Next: 49%
Magic:  2/10       EV: 13    Int: 19    God:
Gold:   154        SH:  0    Dex: 12    Spells: 4/10 levels left

rFire   + . .      SeeInvis .   m - +2 short sword (venom)
rCold   . . .      Faith    .   (no shield)
rNeg    . . .      Spirit   .   (helmet restricted)
rPois   .          Reflect  .   (no amulet)
rElec   .          Harm     .   k - ring of protection from fire
rCorr   .          Rampage  .   (no ring)
Will    .....                   (no ring)
Stlth   ++++......              (no ring)
HPRegen 0.13/turn               (no ring)
MPRegen 0.12/turn               (no ring)
                                (no ring)
                                (no ring)

@: no status effects
A: almost no armour, amphibious, 8 rings, camouflage 1, gelatinous body 1,
nimble swimmer 1, tentacles
a: no special abilities


You were on level 4 of the Dungeon.
You visited 1 branch of the dungeon, and saw 4 of its levels.
You also visited: Sewer.

You collected 154 gold pieces.

Inventory:

Hand Weapons
 m - a +2 short sword of venom (weapon)
 p - a +0 spear
Missiles
 a - 74 stones
 d - 14 poisoned darts
 e - 4 atropa-tipped darts
 g - 2 throwing nets
Jewellery
 k - a ring of protection from fire (left tentacle)
Wands
 l - a wand of digging (1)
 q - a wand of flame (10)
 x - a wand of mindburst (7)
Scrolls
 c - a scroll of fear {unknown}
 h - a scroll of teleportation {unknown}
 j - 2 scrolls of identify {unknown}
 o - a scroll of blinking {unknown}
 s - a scroll of torment {unknown}
 w - a scroll of summoning {unknown}
 y - a scroll of poison {unknown}
Potions
 b - a potion of magic
 f - a potion of heal wounds {unknown}
 i - a potion of haste {unknown}
 n - a potion of curing {unknown}
 r - a potion of cancellation {unknown}
 t - a potion of lignification {unknown}
 u - 2 potions of flight {unknown}
 v - 2 potions of degeneration {unknown}
Miscellaneous
 z - a piece from Xom's chessboard (15/15)


   Skills:
 - Level 2.0 Dodging
 - Level 2.7 Stealth
 - Level 2.0 Spellcasting
 + Level 2.1 Conjurations
 - Level 1.0 Transmutations
 - Level 8.1 Earth Magic


You had 4 spell levels left.
You knew the following spells:

 Your Spells              Type           Power      Damage    Failure   Level
a - Sandblast             Erth           64%        2d14      1%          1
b - Passwall              Tmut/Erth      15%        N/A       4%          2
c - Stone Arrow           Conj/Erth      42%        3d9       6%          3

Your spell library contained the following spells:

 Spells                   Type           Power      Damage    Failure   Level
 Sublimation of Blood     Necr           1%         N/A       26%         2
 Petrify                  Tmut/Erth      19%        N/A       26%         4
 Irradiate                Conj/Tmut      3%         3d14      94%         5


Dungeon Overview and Level Annotations

Branches:
Dungeon (4/15)              Sewer (visited)
 Temple: D:4-7

Altars:
Okawaru

Shops:
D:3 (

Annotations:
D:4 Pikel


Innate Abilities, Weirdness & Mutations

You cannot wear most types of armour.
You are amphibious.
You can wear up to eight rings at the same time.
Your skin changes colour to match your surroundings (Stealth+).
Your rubbery body absorbs attacks. (AC +1, EV +1)
You are camouflaged when in or above water. (Stealth+)
You have tentacles for arms and can constrict up to eight enemies at once.


Message History

Aiming: Stone Arrow (dangerous; 6% risk of failure)
Press: ? - help, Shift-Dir - straight line, f/p - Pikel
Aim: Pikel, wielding a +0 whip of freezing and wearing a +0 robe (64% to hit)
The stone arrow misses Pikel.
Aiming: Sandblast (safe; 1% risk of failure)
Press: ? - help, Q - select action, (/) - cycle Shift-Dir - straight line, f/p - Pikel
Aim: Pikel, wielding a +0 whip of freezing and wearing a +0 robe (77% to hit)
The blast of sand hits Pikel.
Pikel is lightly wounded.
Pikel attacks as you move away!
Pikel hits you with a +0 whip of freezing!
Pikel freezes you.
Aiming: Sandblast (safe; 1% risk of failure)
Press: ? - help, Q - select action, (/) - cycle Shift-Dir - straight line, f/p - Pikel
Aim: Pikel, wielding a +0 whip of freezing and wearing a +0 robe (lightly wounded, 77% to hit)
The blast of sand hits Pikel!
Pikel is heavily wounded.
You barely miss Pikel. You grab Pikel.
Pikel is heavily wounded.
You constrict Pikel.
Pikel hits you with a +0 whip of freezing!
Pikel freezes you.
You hit Pikel but do no damage.
Pikel is heavily wounded.
You constrict Pikel. Pikel barely misses you. Pikel closely misses you.
You hit Pikel but do no damage.
Pikel is poisoned.
Pikel is heavily wounded.
You constrict Pikel, but do no damage.
Pikel hits you with a +0 whip of freezing!
* * * LOW HITPOINT WARNING * * *
Pikel freezes you.
* * * LOW HITPOINT WARNING * * *
Aiming: Sandblast (safe; 1% risk of failure)
Press: ? - help, Q - select action, (/) - cycle Shift-Dir - straight line, f/p - Pikel
Aim: Pikel, wielding a +0 whip of freezing and wearing a +0 robe (severely wounded, constricted by you, very poisoned, 100% to hit)
The blast of sand hits Pikel.
Pikel is severely wounded.
You constrict Pikel, but do no damage.
Pikel hits you with a +0 whip of freezing!
You die...

#...## #.#..# #..#.#
##.#.# #.#.# ###.#.#
########≈..#.#
##≈...≈.K5.≈..#
#≈.≈≈≈≈@≈.≈#.## ##
#..#########.## #.
#..≈≈≈≈≈≈###..#
######.###≈≈†..†≈≈###.#
.........##≈≈≈≈≈≈..#..#
######)#########..#.##
#.#≈≈≈≈≈≈≈≈≈.#.#
#.≈≈≈≈≈≈≈≈≈.##.#
#..≈#########..#


You could see Pikel (very poisoned) and a lemure.

Vanquished Creatures
  Sigmund (D:2)
  2 bullfrogs (Sewer)
  A scorpion (D:4)
  Natasha (thrice) (D:2)
  An iguana (D:4)
  An orc wizard (D:3)
  A gnoll (D:3)
  5 adders
  2 worms
  3 dart slugs
  4 orcs (D:3)
  7 bats
  3 endoplasms (D:1)
  16 giant cockroaches
  2 hobgoblins
  9 quokkas
  10 ball pythons
  11 frilled lizards
  9 goblins
  6 kobolds
  3 rats
100 creatures vanquished.

Notes
Turn   | Place    | Note
-------+----------+-------------------------------------------
     0 | D:1      | bwicke the Octopode Earth Elementalist began the quest for
                  | the Orb.
     0 | D:1      | Reached XP level 1. HP: 11/11 MP: 3/3
   109 | D:1      | Found a faded altar of an unknown god.
   471 | D:1      | Reached XP level 2. HP: 17/17 MP: 3/5
  1142 | D:1      | Reached skill level 4 in Earth Magic
  1330 | D:1      | Reached XP level 3. HP: 17/21 MP: 6/6
  1606 | D:2      | Noticed Natasha
  1622 | D:2      | Killed Natasha
  1833 | D:2      | Noticed Natasha
  1845 | D:2      | Killed Natasha
  1846 | D:2      | Reached skill level 5 in Earth Magic
  1846 | D:2      | Reached XP level 4. HP: 7/27 MP: 1/7
  2095 | D:2      | Noticed Sigmund
  2102 | D:2      | Learned a level 2 spell: Passwall
  2106 | D:2      | Learned a level 3 spell: Stone Arrow
  2120 | D:2      | Killed Sigmund
  2121 | D:2      | Reached skill level 6 in Earth Magic
  2121 | D:2      | Reached XP level 5. HP: 27/31 MP: 3/8
  2121 | D:2      | Reached XP level 6. HP: 32/36 MP: 3/9
  2545 | D:2      | Noticed Natasha
  2548 | D:2      | Killed Natasha
  3179 | D:3      | Found Synli's Weapon Boutique.
  3275 | D:3      | Reached skill level 7 in Earth Magic
  3642 | D:3      | Found an iron altar of Okawaru.
  3941 | D:4      | Found a glowing drain.
  3946 | D:4      | Reached XP level 7. HP: 41/41 MP: 10/10
  3951 | Sewer    | Entered a sewer
  4053 | Sewer    | Reached skill level 8 in Earth Magic
  4082 | Sewer    | Reached skill level 1 in Conjurations
  4369 | D:4      | Noticed Pikel
  4416 | D:4      | Slain by Pikel

Illustrated notes

Levels and vault maps discovered:
D:1:      nzn_arrival_water_spiral, layout_basic, basic_ecumenical_altar
D:2:      layout_loops_corners, uniq_natasha, uniq_sigmund
D:3:      layout_basic, okawaru_altar_gauntlet_db, serial_shops, shop_statue
D:4:      layout_loops_ring, xom_butterflies, gup_sewer_entry_pipe,
          nicolae_elevator_lobby_asterisk, uniq_pikel

Skill      XL: |  1  2  3  4  5  6  7 |
---------------+----------------------+-----
Earth Magic    | 4 5 6 7 8 |  8.1
Conjurations   | 2 |  2.1
Dodging        | |  2.0
Stealth        | |  2.7
Spellcasting   | |  2.0
Transmutations | |  1.0

Action                   |  1- 3 |  4- 6 |  7- 9 || total
-------------------------+-------+-------+-------++-------
Melee: Unarmed           |    18 |       |       ||    18
       Constrict         |    14 |    20 |    13 ||    47
       Tentacles         |     6 |     8 |     7 ||    21
       Punch             |     1 |       |     2 ||     3
       Short sword       |    34 |    60 |    47 ||   141
Throw: Dart              |       |     2 |       ||     2
 Cast: Sandblast         |    13 |    16 |    11 ||    40
       Stone Arrow       |       |       |     2 ||     2
 Stab: Sleeping          |    10 |    10 |     8 ||    28
       Distracted        |     1 |       |       ||     1
Armor: Skin              |     5 |     5 |     5 ||    15
Dodge: Dodged            |    28 |    32 |    28 ||    88

Table legend: (Time is in decaauts)
 A = Elapsed time spent in this place.
 B = Non-inter-level travel time spent in this place.
 C = Inter-level travel time spent in this place.
 D = Time resting spent in this place.
 E = Time spent auto-exploring this place.
 F = Levels seen in this place.
 G = Mean time per level.
                   A        B        C        D        E       F      G
               +--------+--------+--------+--------+--------+-----+--------+
         Total |   4427 |   4319 |    108 |     54 |   3319 |   5 |  885.4 |
       Dungeon |   4113 |   4005 |    108 |     54 |   3210 |   4 | 1028.2 |
         Sewer |    314 |    314 |      0 |      0 |    109 |   1 |  314.0 |
               +--------+--------+--------+--------+--------+-----+--------+

Top non-repeatable levels by time:
     D:1: 1601 daAuts
     D:2: 1412 daAuts
     D:3: 735 daAuts
     D:4: 363 daAuts
   Sewer: 314 daAuts
